NWL
MILWAUKEE (SS-A) BREWERS @ CHICAGO A (SS-A) WHITE SOX
07/19/2099
 
TOP OF THE 1ST
Milwaukee (SS-A) Brewers batting - Pitching for Chicago A (SS-A) White Sox : LHP Alan Rimmer
Pitching: LHP Alan Rimmer
Batting: RHB Aarnoud Schreuder 0-0: Ball
1-0: Foul Ball, location: 3F
1-1: Foul Ball, location: 9LSF
1-2: Strikes out looking
Batting: LHB Jason Nider 0-0: Ball
1-0: Swinging Strike
1-1: Swinging Strike
1-2: Ball
2-2: Ground out U3 (Groundball, 34S, EV 79.4 MPH)
Batting: LHB Dimacali Martinez 0-0: Foul Ball, location: 2RF
0-1: Called Strike
0-2: Ball
1-2: Ball
2-2: Ball
3-2: Ground out 6-3 (Groundball, 6, EV 81.9 MPH)
Top of the 1st over - 0 runs, 0 hits, 0 errors, 0 left on base; Milwaukee (SS-A) 0 - Chicago A (SS-A) 0
BOTTOM OF THE 1ST
Chicago A (SS-A) White Sox batting - Pitching for Milwaukee (SS-A) Brewers : LHP Jonathan Marquez
Pitching: LHP Jonathan Marquez
Batting: RHB Levi Wanamaker 0-0: SINGLE (Line Drive, 89S, EV 105.6 MPH)
Batting: RHB Andy Rossi 0-0: Ball
1-0: Ball
2-0: Swinging Strike
2-1: Foul Ball, location: 7LSFF
2-2: Grounds into double play, 6-4-3 (Groundball, 56, EV 107.5 MPH)
Batting: RHB Brice Edwards 0-0: Called Strike
0-1: Ball
1-1: Called Strike
1-2: Ball
2-2: DOUBLE (Line Drive, 9LM, EV 110.6 MPH)
Batting: RHB John Arbuckle 0-0: Ball
1-0: Fly out, F8 (Flyball, 8LD, EV 94.4 MPH)
Bottom of the 1st over - 0 runs, 2 hits, 0 errors, 1 left on base; Milwaukee (SS-A) 0 - Chicago A (SS-A) 0
TOP OF THE 2ND
Milwaukee (SS-A) Brewers batting - Pitching for Chicago A (SS-A) White Sox : LHP Alan Rimmer
Batting: LHB Blake Boucher 0-0: SINGLE (Line Drive, 78S, EV 106.3 MPH)
Batting: RHB Jason Harris 0-0: Ball
1-0: Fly out, F8 (Flyball, 8RS, EV 90.0 MPH)
Batting: RHB Justin Curtis 0-0: Foul Ball, location: 5F
0-1: DOUBLE (Line Drive, 9LM, EV 103.8 MPH)
Blake Boucher to third
Runner from 3rd tries for Home, SAFE, throw by RF to home
Batting: RHB Eric White 0-0: Called Strike
0-1: Foul Ball, location: 25F
0-2: Foul Ball, location: 9LDF
0-2: Strikes out looking
Batting: RHB Zach Ward 0-0: Foul Ball, location: 9LSF
0-1: Swinging Strike
0-2: Strikes out swinging
Top of the 2nd over - 1 run, 2 hits, 0 errors, 1 left on base; Milwaukee (SS-A) 1 - Chicago A (SS-A) 0
BOTTOM OF THE 2ND
Chicago A (SS-A) White Sox batting - Pitching for Milwaukee (SS-A) Brewers : LHP Jonathan Marquez
Batting: SHB Jarred Wurtz 0-0: Foul Ball, location: 5FF
0-1: Foul Ball, location: 5F
0-2: Ball
1-2: Fly out, F7 (Line Drive, 7, EV 99.4 MPH)
Batting: RHB Danny Perez 0-0: Foul Ball, location: 9LSF
0-1: Foul Ball, location: 2F
0-2: DOUBLE (Line Drive, 89XD, EV 107.5 MPH)
Batting: RHB George D'Amico Jr. 0-0: Ball
Wild Pitch!
Danny Perez to third
1-0: Called Strike
1-1: Foul Ball, location: 23F
1-2: Ball
2-2: Ball
3-2: Fly out, F8 (Flyball, 8RM, EV 83.1 MPH)
Runner from 3rd tags up, OUT at HOME! 8-2
Bottom of the 2nd over - 0 runs, 1 hit, 0 errors, 0 left on base; Milwaukee (SS-A) 1 - Chicago A (SS-A) 0
TOP OF THE 3RD
Milwaukee (SS-A) Brewers batting - Pitching for Chicago A (SS-A) White Sox : LHP Alan Rimmer
Batting: RHB Chris Bowling 0-0: Swinging Strike
0-1: Foul Ball, location: 3SF
0-2: Ball
1-2: Ball
2-2: Strikes out swinging
Batting: RHB Aarnoud Schreuder 0-0: Ground out 6-3 (Groundball, 6S, EV 64.4 MPH)
Batting: LHB Jason Nider 0-0: Ball
1-0: Ball
2-0: Fly out, F8 (Flyball, 8RXD, EV 90.0 MPH)
Top of the 3rd over - 0 runs, 0 hits, 0 errors, 0 left on base; Milwaukee (SS-A) 1 - Chicago A (SS-A) 0
BOTTOM OF THE 3RD
Chicago A (SS-A) White Sox batting - Pitching for Milwaukee (SS-A) Brewers : LHP Jonathan Marquez
Batting: LHB Sébastien Villard 0-0: Ball
1-0: Ball
2-0: Swinging Strike
2-1: Ground out U3 (Groundball, 3, EV 90.6 MPH)
Batting: RHB Foeke Eenkhoorn 0-0: Ball
1-0: Foul Ball, location: 9LDF
1-1: Swinging Strike
1-2: Ball
2-2: Ground out 5-3 (Groundball, 5L, EV 83.8 MPH)
Batting: RHB Levi Wanamaker 0-0: Foul Ball, location: 9LDF
0-1: Ball
1-1: Ball
2-1: Ground out 5-3 (Groundball, 56S, EV 66.3 MPH)
Bottom of the 3rd over - 0 runs, 0 hits, 0 errors, 0 left on base; Milwaukee (SS-A) 1 - Chicago A (SS-A) 0
TOP OF THE 4TH
Milwaukee (SS-A) Brewers batting - Pitching for Chicago A (SS-A) White Sox : LHP Alan Rimmer
Batting: LHB Dimacali Martinez 0-0: SINGLE (Line Drive, 7S, EV 100.0 MPH)
Batting: LHB Blake Boucher 0-0: Ball
Dimacali Martinez is caught stealing 2nd base 2-6
1-0: Fly out, F8 (Flyball, 8LD, EV 95.6 MPH)
Batting: RHB Jason Harris 0-0: Ground out 5-3 (Groundball, 56, EV 86.3 MPH)
Top of the 4th over - 0 runs, 1 hit, 0 errors, 0 left on base; Milwaukee (SS-A) 1 - Chicago A (SS-A) 0
BOTTOM OF THE 4TH
Chicago A (SS-A) White Sox batting - Pitching for Milwaukee (SS-A) Brewers : LHP Jonathan Marquez
Batting: RHB Andy Rossi 0-0: Called Strike
0-1: Foul Ball, location: 9LSF
0-2: Ball
1-2: SINGLE (Groundball, 3D, EV 99.4 MPH)
Batting: RHB Brice Edwards 0-0: SINGLE (Groundball, 6MD, EV 106.9 MPH)
Andy Rossi to second
Batting: RHB John Arbuckle 0-0: Ball
1-0: Called Strike
1-1: Called Strike
1-2: DOUBLE (Line Drive, 7LD, EV 98.8 MPH)
Andy Rossi scores
Brice Edwards to third
Batting: SHB Jarred Wurtz 0-0: Foul Ball, location: 5F
0-1: SINGLE (Line Drive, 9LS, EV 100.6 MPH)
Brice Edwards scores
John Arbuckle to third
Batting: RHB Danny Perez 0-0: Ball
1-0: Ball
2-0: Ball
3-0: Called Strike
3-1: Called Strike
3-2: Foul Ball, location: 5SF
3-2: Fly out, F8 (Flyball, 8RD, EV 110.0 MPH)
Runner from 3rd tags up, SCORES, throw by CF
Batting: RHB George D'Amico Jr. 0-0: Ball
1-0: Grounds into double play, 4-6-3 (Groundball, 4, EV 81.3 MPH)
Bottom of the 4th over - 3 runs, 4 hits, 0 errors, 0 left on base; Milwaukee (SS-A) 1 - Chicago A (SS-A) 3
TOP OF THE 5TH
Milwaukee (SS-A) Brewers batting - Pitching for Chicago A (SS-A) White Sox : LHP Alan Rimmer
Batting: RHB Justin Curtis 0-0: Called Strike
0-1: Foul Ball, location: 9LMF
0-2: Ball
1-2: SINGLE (Groundball, 34D, EV 105.0 MPH)
Batting: RHB Eric White 0-0: Ball
1-0: Ball
2-0: Ball
3-0: Base on Balls
Justin Curtis to second
Batting: RHB Zach Ward 0-0: Ball
1-0: Foul Ball, location: 2F
1-1: Foul Ball, location: 7LDF
1-2: Strikes out swinging
Batting: RHB Chris Bowling 0-0: Called Strike
0-1: Called Strike
0-2: Ball
1-2: Grounds into double play, 5-4-3 (Groundball, 56S, EV 92.5 MPH)
Top of the 5th over - 0 runs, 1 hit, 0 errors, 1 left on base; Milwaukee (SS-A) 1 - Chicago A (SS-A) 3
BOTTOM OF THE 5TH
Chicago A (SS-A) White Sox batting - Pitching for Milwaukee (SS-A) Brewers : LHP Jonathan Marquez
Batting: LHB Sébastien Villard 0-0: SINGLE (Groundball, 6MD, EV 96.9 MPH)
Batting: RHB Foeke Eenkhoorn 0-0: Called Strike
0-1: Bunted foul
0-2: Strikes out swinging
Batting: RHB Levi Wanamaker 0-0: Called Strike
0-1: Swinging Strike
0-2: Ball
1-2: Strikes out swinging
Batting: RHB Andy Rossi 0-0: Swinging Strike
0-1: Ball
1-1: Ball
Sébastien Villard is caught stealing 2nd base 2-4
Bottom of the 5th over - 0 runs, 1 hit, 0 errors, 0 left on base; Milwaukee (SS-A) 1 - Chicago A (SS-A) 3
TOP OF THE 6TH
Milwaukee (SS-A) Brewers batting - Pitching for Chicago A (SS-A) White Sox : LHP Alan Rimmer
Batting: RHB Aarnoud Schreuder 0-0: Ball
1-0: Called Strike
1-1: Fly out, F8 (Flyball, 8RM, EV 88.8 MPH)
Batting: LHB Jason Nider 0-0: Called Strike
0-1: Called Strike
0-2: Ball
1-2: Strikes out looking
Batting: LHB Dimacali Martinez 0-0: Called Strike
0-1: Ball
1-1: Swinging Strike
1-2: Strikes out swinging
Top of the 6th over - 0 runs, 0 hits, 0 errors, 0 left on base; Milwaukee (SS-A) 1 - Chicago A (SS-A) 3
BOTTOM OF THE 6TH
Chicago A (SS-A) White Sox batting - Pitching for Milwaukee (SS-A) Brewers : LHP Jonathan Marquez
Batting: RHB Andy Rossi 0-0: Ball
1-0: Foul Ball, location: 3DF
1-1: Ground out 5-3 (Groundball, 56, EV 108.8 MPH)
Batting: RHB Brice Edwards 0-0: Foul Ball, location: 3F
0-1: Ball
1-1: Foul Ball, location: 2LF
1-2: Ball
2-2: Ball
3-2: TRIPLE (Line Drive, 89XD, EV 100.0 MPH)
Batting: RHB John Arbuckle 0-0: Fly out, F7 (Flyball, 7, EV 93.8 MPH)
Batting: SHB Jarred Wurtz 0-0: Ball
1-0: Ball
2-0: Ball
3-0: Called Strike
3-1: Base on Balls
Batting: RHB Danny Perez 0-0: Ball
1-0: Swinging Strike
1-1: Fly out, F8 (Flyball, 89D, EV 98.8 MPH)
Bottom of the 6th over - 0 runs, 1 hit, 0 errors, 2 left on base; Milwaukee (SS-A) 1 - Chicago A (SS-A) 3
TOP OF THE 7TH
Milwaukee (SS-A) Brewers batting - Pitching for Chicago A (SS-A) White Sox : LHP Alan Rimmer
Batting: LHB Blake Boucher 0-0: Fly out, F9 (Line Drive, 9LS, EV 91.9 MPH)
Batting: RHB Jason Harris 0-0: Foul Ball, location: 7LMF
0-1: Called Strike
0-2: Ball
1-2: Foul Ball, location: 2F
1-2: Ball
2-2: Foul Ball, location: 7LMF
2-2: Strikes out swinging
Batting: RHB Justin Curtis 0-0: Called Strike
0-1: Ground out 6-3 (Groundball, 6, EV 101.9 MPH)
Top of the 7th over - 0 runs, 0 hits, 0 errors, 0 left on base; Milwaukee (SS-A) 1 - Chicago A (SS-A) 3
BOTTOM OF THE 7TH
Chicago A (SS-A) White Sox batting - Pitching for Milwaukee (SS-A) Brewers : LHP Jonathan Marquez
Batting: RHB George D'Amico Jr. 0-0: Called Strike
0-1: Ground out U3 (Groundball, 3, EV 91.3 MPH)
Pitching: RHP Joe Nixon
Batting: LHB Sébastien Villard 0-0: Ball
1-0: Ball
2-0: Called Strike
2-1: Ground out 6-3 (Groundball, 6, EV 79.4 MPH)
Batting: RHB Foeke Eenkhoorn 0-0: Ball
1-0: Fly out, F9 (Flyball, 89M, EV 94.4 MPH)
Bottom of the 7th over - 0 runs, 0 hits, 0 errors, 0 left on base; Milwaukee (SS-A) 1 - Chicago A (SS-A) 3
TOP OF THE 8TH
Milwaukee (SS-A) Brewers batting - Pitching for Chicago A (SS-A) White Sox : LHP Alan Rimmer
Pitching: RHP Dusty Rhoades
Batting: RHB Eric White 0-0: Called Strike
0-1: Foul Ball, location: 9LSF
0-2: Ball
1-2: Foul Ball, location: 2F
1-2: Ball
2-2: Foul Ball, location: 5DF
2-2: Ball
3-2: SINGLE (Flyball, 8LS, EV 90.0 MPH)
Pinch Hitting: LHB Pat Brunetti 0-0: Ball
1-0: Ball
2-0: Fielders Choice at 2nd, 1-6 (Groundball, 13S, EV 75.6 MPH)
Batting: RHB Chris Bowling 0-0: Called Strike
0-1: Swinging Strike
0-2: Ball
1-2: Ball
2-2: SINGLE (Groundball, 4MD, EV 95.0 MPH)
Pat Brunetti to second
Runner from 2nd tries for 3rd, SAFE, throw by CF made to third
Pinch Hitting: LHB Bill Kruzich 0-0: Ball
1-0: Foul Ball, location: 7LSF
1-1: Fly out, F7 (Line Drive, 7LS, EV 85.6 MPH)
Runner from 3rd tags up, SCORES, throw by LF
Batting: LHB Jason Nider 0-0: Called Strike
0-1: Ball
1-1: Foul Ball, location: 2F
1-2: Strikes out swinging
Top of the 8th over - 1 run, 2 hits, 0 errors, 1 left on base; Milwaukee (SS-A) 2 - Chicago A (SS-A) 3
BOTTOM OF THE 8TH
Chicago A (SS-A) White Sox batting - Pitching for Milwaukee (SS-A) Brewers : RHP Joe Nixon
Now at 2B: Justin Curtis
Now at SS: Jim Musser
Now in LF: Pat Brunetti
Batting: RHB Levi Wanamaker 0-0: Ball
1-0: Called Strike
1-1: Foul Ball, location: 23F
1-2: Foul Ball, location: 5SF
1-2: Foul Ball, location: 9LDF
1-2: Ground out 6-3 (Groundball, 6, EV 108.1 MPH)
Batting: RHB Andy Rossi 0-0: Ground out 5-3 (Groundball, 56S, EV 80.0 MPH)
Batting: RHB Brice Edwards 0-0: Foul Ball, location: 7LDF
0-1: Ball
1-1: Ball
2-1: Ball
3-1: Base on Balls
Batting: RHB John Arbuckle 0-0: Fly out, F8 (Flyball, 8RM, EV 77.5 MPH)
Bottom of the 8th over - 0 runs, 0 hits, 0 errors, 1 left on base; Milwaukee (SS-A) 2 - Chicago A (SS-A) 3
TOP OF THE 9TH
Milwaukee (SS-A) Brewers batting - Pitching for Chicago A (SS-A) White Sox : RHP Dusty Rhoades
Pitching: RHP Ron Ingersoll
Batting: LHB Dimacali Martinez 0-0: Ball
1-0: Swinging Strike
1-1: Foul Ball, location: 5F
1-2: Ball
2-2: SINGLE (Groundball, P, EV 85.6 MPH) (infield hit)
Batting: LHB Blake Boucher 0-0: Ball
1-0: Ball
2-0: Ball
3-0: Base on Balls
Dimacali Martinez to second
Batting: RHB Jason Harris 0-0: Called Strike
0-1: Ball
1-1: DOUBLE (Flyball, 9LD, EV 95.0 MPH)
Dimacali Martinez scores
Blake Boucher to third
Batting: RHB Justin Curtis 0-0: Called Strike
0-1: Called Strike
0-2: Foul Ball, location: 2RF
0-2: Strikes out swinging
Batting: RHB Eric White 0-0: Ball
1-0: Called Strike
1-1: SINGLE (Line Drive, 9LM, EV 91.9 MPH)
Blake Boucher scores
Jason Harris to third
Runner from 3rd tries for Home, SAFE, throw by RF to home
Batting: LHB Pat Brunetti 0-0: Ball
1-0: TRIPLE (Line Drive, 89XD, EV 108.8 MPH)
Eric White scores
Pitching: RHP Orlando Meraz
Batting: RHB Chris Bowling 0-0: Called Strike
0-1: Ball
1-1: Foul Ball, location: 2F
1-2: Strikes out swinging
Batting: LHB Jim Musser 0-0: Called Strike
0-1: Fly out, F7 (Line Drive, 7LS, EV 91.3 MPH)
Top of the 9th over - 4 runs, 4 hits, 0 errors, 1 left on base; Milwaukee (SS-A) 6 - Chicago A (SS-A) 3
BOTTOM OF THE 9TH
Chicago A (SS-A) White Sox batting - Pitching for Milwaukee (SS-A) Brewers : RHP Joe Nixon
Batting: SHB Jarred Wurtz 0-0: Called Strike
0-1: Swinging Strike
0-2: Ball
1-2: Foul Ball, location: 7LSF
1-2: Ball
2-2: Ground out 4-3 (Groundball, 4, EV 85.6 MPH)
Batting: RHB Danny Perez 0-0: Ball
1-0: Ground out 4-3 (Groundball, 4, EV 110.0 MPH)
Batting: RHB George D'Amico Jr. 0-0: Ball
1-0: Ball
2-0: Ground out 5-3 (Groundball, 56, EV 91.9 MPH)
Bottom of the 9th over - 0 runs, 0 hits, 0 errors, 0 left on base; Milwaukee (SS-A) 6 - Chicago A (SS-A) 3
Sunday, May 12th , 2024 - OOTP Baseball 24.11 Build 85